 Dungeon Crawl Stone Soup version 0.29-a0-553-g81b289dbe5 (webtiles) character file.

Game seed: 16859595948718436461

60 Hubjo the Insei (level 3, -1/27 HPs)
             Began as a Demonspawn Transmuter on June 6, 2022.
             Was an Initiate of Gozag.
             Slain by a phantom (5 damage)
             ... on level 2 of the Dungeon.
             The game lasted 00:01:40 (1358 turns).

Hubjo the Insei (Demonspawn Transmuter)             Turns: 1358, Time: 00:01:41

Health: -1/27      AC:  2    Str:  9 (10) XL:     3   Next: 82%
Magic:  6/6        EV: 12    Int: 12 (14) God:    Gozag
Gold:   64         SH:  0    Dex: 13 (15) Spells: 5/6 levels left

rFire   . . .      SeeInvis .     - Unarmed
rCold   . . .      Faith    .   (no shield)
rNeg    . . .      Spirit   .   a - +0 robe
rPois   .          Reflect  .   (helmet currently unavailable)
rElec   .          Harm     .   (no cloak)
rCorr   .          Rampage  .   (no gloves)
Will    .....                   (boots currently unavailable)
Stlth   ++........              (no amulet)
HPRegen 0.09/turn               (no ring)
MPRegen 0.10/turn               (no ring)

@: appendages (expiring)
A: horns 2, talons 2, foul stench 1, spiny 1
a: End Transformation, Renounce Religion, Potion Petition, Call Merchant, Bribe
Branch


You were on level 2 of the Dungeon.
You worshipped Gozag.
Gozag was noncommittal.
You had temporarily grown beastly horns and talons.
You visited 1 branch of the dungeon, and saw 2 of its levels.

You collected 64 gold pieces.

Inventory:

Missiles
 c - 5 datura-tipped darts
Armour
 a - a +0 robe (worn)
Scrolls
 d - a scroll of fog {unknown}
 g - a scroll of identify {unknown}
 h - a scroll of magic mapping {unknown}
Potions
 b - a potion of lignification
 f - a potion of degeneration


   Skills:
 * Level 2.2 Fighting
 - Level 1.7 Dodging
 + Level 1.1 Stealth
 + Level 3.0 Unarmed Combat
 + Level 2.4 Spellcasting
 + Level 2.1 Transmutations


You had 5 spell levels left.
You knew the following spells:

 Your Spells              Type           Power      Damage    Failure   Level
a - Beastly Appendage     Tmut           12%        N/A       11%         1

Your spell library contained the following spells:

 Spells                   Type           Power      Damage    Failure   Level
 Wereblood                Tmut           6%         N/A       16%         2
 Spider Form              Tmut/Pois      4%         N/A       45%         3
 Ice Form                 Ice/Tmut       4%         N/A       86%         4


Dungeon Overview and Level Annotations

Branches:
Dungeon (2/15)

Altars:
Gozag
Xom


Innate Abilities, Weirdness & Mutations

You have temporarily grown beastly horns and talons.
You may rarely emit foul miasma when damaged in melee.
You are partially covered in sharp spines.


Message History

You grow a pair of large bovine horns.
Your feet morph into talons.
You hit the phantom but do no damage. The phantom barely misses you.
You barely miss the phantom. The phantom is struck by your spines.
The phantom hits you.
You hit the phantom. Your kick misses the phantom.
Your headbutt misses the phantom.
The phantom is lightly damaged.
The phantom hits you.
You miss the phantom. Your kick misses the phantom.
Your headbutt misses the phantom.
The phantom is lightly damaged.
The phantom hits you.
You barely miss the phantom. Your kick misses the phantom.
Your headbutt misses the phantom.
The phantom is lightly damaged.
Your transformation is almost over.
The phantom is struck by your spines. The phantom hits you.
You emit a cloud of foul miasma!
The phantom blinks!
You blink.
It was a potion of curing.
You feel better. The phantom is struck by your spines. The phantom hits you.
It was a potion of degeneration.
There was something very wrong with that liquid.
You feel weakened.
You feel dopey.
You feel clumsy. The phantom is struck by your spines. The phantom hits you.
The phantom blinks!
You blink.
You hit the phantom. Your headbutt misses the phantom.
The phantom is severely damaged.
The phantom closely misses you.
You hit the phantom but do no damage. Your headbutt misses the phantom.
The phantom is severely damaged.
The phantom is struck by your spines. The phantom hits you.
* * * LOW HITPOINT WARNING * * *
The phantom blinks!
You blink.
The phantom attacks as you move away! The phantom hits you.
* * * LOW HITPOINT WARNING * * *
You closely miss the phantom.
The phantom is severely damaged.
The phantom hits you.
You die...
Your body crumbles into a pile of gold.

$ ..#. ## ....##
##.##.##.##
##.#.≈§§.#.######
#+#.#..≈§≈.§#.##..
#...#≈≈§≈.≈§§≈#.#.#
#..#..≈.≈≈≈§≈§.#W.###
...#...§§§≈≈...#@...#
..#..§≈§.≈≈...#.##.#
#.#..§≈.≈.≈...#....#
#.#.§≈.≈.≈.≈..#....#
#.#≈§≈...≈.≈#§§...#
#...≈.....≈.......#
#.#.#.....#?##....#
###)##.#####.###....#
..#.........## #....#


You could see a phantom.

Vanquished Creatures
  2 adders (D:2)
  A dart slug (D:1)
  7 endoplasms
  3 giant cockroaches
  2 hobgoblins
  4 jackals (D:1)
  A quokka (D:1)
  4 ball pythons
  5 bats
  2 frilled lizards
  3 goblins
  2 kobolds (D:1)
  A rat (D:1)
37 creatures vanquished.

Notes
Turn   | Place    | Note
-------+----------+-------------------------------------------
     0 | D:1      | Hubjo the Demonspawn Transmuter began the quest for the
                  | Orb.
     0 | D:1      | Reached XP level 1. HP: 15/15 MP: 3/3
   234 | D:1      | Gained mutation: You are partially covered in sharp spines.
                  | [demonic ancestry]
   234 | D:1      | Reached XP level 2. HP: 17/21 MP: 3/5
   941 | D:2      | Gained mutation: You may rarely emit foul miasma when
                  | damaged in melee. [demonic ancestry]
   941 | D:2      | Reached XP level 3. HP: 27/27 MP: 4/6
  1088 | D:2      | Found a shimmering altar of Xom.
  1104 | D:2      | Reached skill level 1 in Stealth
  1104 | D:2      | Reached skill level 3 in Unarmed Combat
  1319 | D:2      | Found a faded altar of an unknown god.
  1335 | D:2      | Prayed at the altar of an unknown god.
  1335 | D:2      | Became a worshipper of Gozag Ym Sagoz the Greedy
  1343 | D:2      | Noticed a phantom
  1358 | D:2      | Slain by a phantom

Illustrated notes

Levels and vault maps discovered:
D:1:      lightli_iron_boxes, layout_basic
D:2:      kb_forest_paths, layout_basic, basic_altar,
          shapermc_ecumenical_altar_starsandcircs, minmay_tree_intersection,
          minmay_misc_feat_diagonals, pf_guarded_unrand_delatra

Skill      XL: |  1  2  3 |
---------------+----------+-----
Transmutations | 2 |  2.1
Fighting       | 2 |  2.2
Stealth        | 1 |  1.1
Unarmed Combat | 3 |  3.0
Dodging        | |  1.7
Spellcasting   | |  2.4

Action                   || total
-------------------------++-------
Melee: Unarmed           ||    76
       Kick              ||    17
       Headbutt          ||     9
       Punch             ||     1
 Cast: Beastly Appendage ||    22
  Use: Potion            ||     2
 Stab: Sleeping          ||     3
Armor: Robe              ||    13
Dodge: Dodged            ||    44

Table legend: (Time is in decaauts)
 A = Elapsed time spent in this place.
 B = Non-inter-level travel time spent in this place.
 C = Inter-level travel time spent in this place.
 D = Time resting spent in this place.
 E = Time spent auto-exploring this place.
 F = Levels seen in this place.
 G = Mean time per level.
                   A        B        C        D        E       F      G
               +--------+--------+--------+--------+--------+-----+--------+
         Total |   1353 |   1345 |      8 |      0 |   1129 |   2 |  676.5 |
       Dungeon |   1353 |   1345 |      8 |      0 |   1129 |   2 |  676.5 |
               +--------+--------+--------+--------+--------+-----+--------+

Top non-repeatable levels by time:
     D:1: 934 daAuts
     D:2: 418 daAuts
